 Dungeon Crawl Stone Soup version 0.28.0-53-g5a82cb258f (webtiles) character file.

Game seed: 1493097199845180914

100 JNO the Grave Robber (level 4, -16/24 HPs)
             Began as a Deep Elf Necromancer on Aug 12, 2022.
             Hit by a boomerang thrown by an orc warrior (18 damage)
             ... on level 3 of the Dungeon.
             The game lasted 00:12:16 (3128 turns).

JNO the Grave Robber (Deep Elf Necromancer)         Turns: 3128, Time: 00:12:17

Health: -16/24     AC:  3    Str:  5    XL:     4   Next: 46%
Magic:  9/12       EV: 13    Int: 22    God:
Gold:   91         SH:  5    Dex: 15    Spells: 11/12 levels left

rFire   . . .      SeeInvis .   c - staff of air
rCold   . . .      Faith    .   (no shield)
rNeg    . . .      Spirit   .   a - +1 robe
rPois   .          Reflect  +   (no helmet)
rElec   +          Harm     .   (no cloak)
rCorr   .          Rampage  .   (no gloves)
Will    .....                   (no boots)
Stlth   ++........              d - amulet of reflection
HPRegen 0.08/turn               (no ring)
MPRegen 0.13/turn               (no ring)

@: no status effects
A: no striking features
a: no special abilities


You were on level 3 of the Dungeon.
You visited 1 branch of the dungeon, and saw 3 of its levels.

You collected 91 gold pieces.

Inventory:

Hand Weapons
 i - the +4 hand axe "Laoser" {antimagic, Fly rF- Will+ Str+4}
   (You found it on level 2 of the Dungeon)

   It reduces the magical energy of the wielder, and disrupts the spells and
   magical abilities of those it strikes.
   Natural abilities and divine invocations are not affected.
   Str:       It affects your strength (+4).
   rF:        It makes you vulnerable to fire.
   Fly:       It grants you flight.
   Will:      It increases your willpower.
Missiles
 b - 114 stones (quivered)
Armour
 a - a +1 robe (worn)
Magical Staves
 c - a staff of air (weapon)
Jewellery
 d - an amulet of reflection (around neck)
 g - a ring of see invisible
Scrolls
 f - 7 scrolls of identify
Potions
 e - a potion of cancellation
 h - a potion of might


   Skills:
 + Level 2.9 Dodging
 + Level 2.8 Stealth
 + Level 0.1 Shields
 + Level 4.8 Spellcasting
 + Level 5.8 Necromancy


You had 11 spell levels left.
You knew the following spells:

 Your Spells              Type           Power      Damage    Failure   Level
a - Pain                  Necr           100%       1d9       1%          1

Your spell library contained the following spells:

 Spells                   Type           Power      Damage    Failure   Level
 Animate Skeleton         Necr           62%        N/A       1%          1
 Vampiric Draining        Necr           31%        2d8       2%          3
 Animate Dead             Necr           15%        N/A       10%         4
 Agony                    Necr           31%        N/A       26%         5


Dungeon Overview and Level Annotations

Branches:
Dungeon (3/15)

Altars:
Wu Jian

Shops:
D:2 *


Message History

You kill the orc!
You hear a shout!
An orc warrior comes into view. It is wielding a +0 halberd.
Unknown command.
Casting: Pain (safe; 1% risk of failure)
Confirm with . or Enter, or press ? or * to list all spells.
Aiming: Pain (safe; 1% risk of failure)
Press: ? - help, Shift-Dir - straight line, f - orc warrior
Aim: an orc warrior, wielding a +0 halberd, wearing a +0 chain mail and quivering boomerangs (chance to affect: 83%)
The orc warrior barely resists.
An orc comes into view. It is wielding a +0 flail.
The orc warrior throws a boomerang.
The boomerang hits you!
Ouch! That really hurt!
Casting: Pain (safe; 1% risk of failure)
Confirm with . or Enter, or press ? or * to list all spells.
Aiming: Pain (safe; 1% risk of failure)
Press: ? - help, Shift-Dir - straight line, f/p - orc warrior
Aim: an orc warrior, wielding a +0 halberd, wearing a +0 chain mail and quivering boomerangs (chance to affect: 83%)
The orc warrior barely resists.
The orc warrior throws a boomerang.
The boomerang hits you.
* * * LOW HITPOINT WARNING * * *
Casting: Pain (safe; 1% risk of failure)
Confirm with . or Enter, or press ? or * to list all spells.
Aiming: Pain (safe; 1% risk of failure)
Press: ? - help, Shift-Dir - straight line, f/p - orc warrior
Aim: an orc warrior, wielding a +0 halberd, wearing a +0 chain mail and quivering boomerangs (chance to affect: 83%)
The orc warrior writhes in agony.
Sorry, you're not good enough to have a special ability.
The orc warrior throws a boomerang.
You reflect the boomerang off an invisible shield around you!
The boomerang hits the orc warrior!
The orc warrior throws a boomerang.
The boomerang barely misses you.
The orc warrior throws a boomerang.
You reflect the boomerang off an invisible shield around you!
The boomerang barely misses the orc warrior.
There is an ornate altar of the Wu Jian Council here.
You kneel at the altar of Wu Jian.
The orc warrior throws a boomerang.
The boomerang hits you!!
Ouch! That really hurt!
You die...

.# #o...# # ..
<....##.. .. )........
.. . #........ . #.#
##########.....#.. #..
#....o..##........ ..
#.#### #..♣.......#
#.# #....#
#.._)...#### #.#
#....###..@....#
#.#####.....##.......#
#....##..............#
......#....###.......#
.............#..≈≈...#
...........#.#.≈≈≈≈..#
.......#######.≈≈≈≈≈≈#
......## #≈≈≈≈≈≈≈#
##...## #########


You could see an orc warrior.

Vanquished Creatures
  5 adders
  A dart slug (D:1)
  An orc (D:3)
  7 ball pythons
  5 bats
  4 endoplasms
  3 giant cockroaches
  2 goblins
  4 hobgoblins
  7 jackals
  2 quokkas
  A frilled lizard (D:2)
  4 kobolds
  3 rats
49 creatures vanquished.

Vanquished Creatures (others)
  A plant (D:1)
1 creature vanquished.

Grand Total: 50 creatures vanquished

Notes
Turn   | Place    | Note
-------+----------+-------------------------------------------
     0 | D:1      | JNO the Deep Elf Necromancer began the quest for the Orb.
     0 | D:1      | Reached XP level 1. HP: 10/10 MP: 6/6
    46 | D:1      | Reached skill level 5 in Necromancy
   483 | D:1      | Reached XP level 2. HP: 5/15 MP: 4/8
  1470 | D:2      | Reached XP level 3. HP: 13/19 MP: 3/10
  2255 | D:2      | Found Ukhurch's Assorted Antiques.
  2504 | D:2      | Identified the +4 hand axe "Laoser" {antimagic, Fly rF-
                  | Will+ Str+4}
  2594 | D:2      | Reached XP level 4. HP: 17/24 MP: 7/12
  3092 | D:3      | Found an ornate altar of the Wu Jian Council.
  3114 | D:3      | Noticed an orc warrior
  3128 | D:3      | Hit by a boomerang thrown by an orc warrior

Illustrated notes

Levels and vault maps discovered:
D:1:      dpeg_arrival_three_smaller_balls, layout_basic, serial_rivers,
          chequers_serial_rivers_room_b, chequers_serial_rivers_small_b,
          chequers_serial_rivers_micro_a, chequers_serial_rivers_micro_d,
          chequers_serial_rivers_small_a,
          dreamdust_ecumenical_altar_hidden_monk_grotto
D:2:      layout_basic, serial_shops, nicolae_shop_behind_doors
D:3:      layout_rooms, minitemple, nzn_wu_jian_contemplation,
          gammafunk_ghost_nasty_kobolds, minivault_5, uniq_robin

Skill      XL: |  1  2  3 |
---------------+----------+-----
Necromancy     | 5 |  5.8
Spellcasting   | 4 |  4.8
Dodging        | |  2.9
Stealth        | |  2.8
Shields        | |  0.1

Action                   |  1- 3 |  4- 6 || total
-------------------------+-------+-------++-------
Melee: Staff             |     6 |     1 ||     7
       Punch             |     1 |       ||     1
 Cast: Pain              |    59 |    25 ||    84
  Use: Scroll            |     6 |       ||     6
Armor: Robe              |     3 |     3 ||     6
Dodge: Dodged            |     9 |     8 ||    17
Block: Other             |     3 |     6 ||     9
       Reflection        |       |     2 ||     2
